AoeStats
← Immaez

Arena

510848679Analyzed
4v4 RM · 6h ago on Oct 2, 2026· 42m 47s· 8 players
Game mode
Random Map
Map size
Large (8 player)
Population
200
Speed
Normal
Resources
Standard
Victory
Conquest
Starting age
Dark Age
Ending age
Imperial Age
RankedLock teamsTeams togetherTeam positionsShared explorationLock speedFull tech treeHidden civsTurbo modeCheats
Victory
Defeat
🇫🇮 Chinese · Finland
1567
+8
🇲🇽 Gurjaras · Mexico
1517
+10
🇦🇷 Bengalis · Argentina
1455
+12
🇩🇪 Tatars · Germany
1416
+14
🇧🇷 Hindustanis · Brazil
1422
-13
🇧🇪 Aztecs · Belgium
1394
-12
🇨🇴 Cumans · Colombia
1356
-10
🇵🇱 Saracens · Poland
1333
-22
Ux'Dora La Exploradora
11:11 Feudal Age
12:39 Double-Bit Axe
15:22 Castle Age
13:11 Horse Collar
15:35 Light Cavalry
24:27 Redemption
25:15 Redemption
30:41 Bow Saw
32:01 Wheelbarrow
33:46 Hand Cart
33:29 Loom
36:15 Imperial Age
34:09 Heavy Plow
34:10 Gold Mining
34:12 Fletching
34:40 Stone Mining
35:03 Bodkin Arrow
35:12 Husbandry
35:22 Bloodlines
35:37 Padded Archer Armor
37:03 Bracer
38:10 Chemistry
38:08 Thumb Ring
38:48 Leather Archer Armor
39:16 Elite Elephant Archer
41:02 Conscription
vuppE
0:26 Loom
10:38 Feudal Age
11:40 Double-Bit Axe
14:39 Castle Age
13:10 Horse Collar
15:30 Bow Saw
16:11 Fletching
17:36 Bodkin Arrow
21:07 Padded Archer Armor
22:14 Wheelbarrow
24:06 Heavy Plow
24:02 Stone Mining
26:36 Hand Cart
26:12 Gold Mining
26:53 Leather Archer Armor
32:54 Imperial Age
31:37 Scale Mail Armor
31:26 Pikeman
32:06 Squires
32:50 Chain Mail Armor
32:51 Town Watch
34:00 Ballistics
34:08 Conscription
33:09 Halberdier
34:54 Plate Mail Armor
35:09 Forging
37:38 Iron Casting
38:23 Chemistry
37:45 Elite Chu Ko Nu
38:47 Bracer
38:41 Arson
39:41 Masonry
39:40 Thumb Ring
40:37 Blast Furnace
40:13 Town Patrol
41:04 Rocketry
41:37 Ring Archer Armor
Agen
10:46 Feudal Age
15:02 Castle Age
13:01 Double-Bit Axe
13:07 Horse Collar
16:06 Bow Saw
17:55 Forging
22:56 Forging
23:56 Bloodlines
23:09 Light Cavalry
25:55 Scale Barding Armor
32:06 Imperial Age
29:22 Loom
30:13 Wheelbarrow
31:05 Chain Barding Armor
31:22 Heavy Plow
31:59 Iron Casting
32:17 Elite Keshik
36:08 Plate Barding Armor
36:27 Hand Cart
36:38 Fletching
38:35 Bodkin Arrow
40:03 Blast Furnace
39:06 Husbandry
39:06 Gold Mining
39:06 Stone Mining
39:27 Bracer
39:58 Conscription
41:29 Ballistics
42:10 Chemistry
43:35 Gold Shaft Mining
Politox
10:56 Feudal Age
14:33 Castle Age
12:52 Horse Collar
14:30 Double-Bit Axe
16:11 Forging
16:00 Light Cavalry
30:09 Bow Saw
34:09 Heavy Plow
34:05 Stone Mining
34:41 Gold Mining
35:37 Loom
36:24 Fortified Wall
37:18 Gold Shaft Mining
39:27 Ballistics
39:18 Masonry
41:59 Imperial Age
40:07 Wheelbarrow
39:39 Fletching
39:50 Padded Archer Armor
40:00 Husbandry
40:15 Paiks
40:16 Bodkin Arrow
41:30 Leather Archer Armor
41:43 Bloodlines
42:06 Hand Cart
42:39 Bracer
43:41 Chemistry
43:07 Conscription
42:40 Elite Elephant Archer
T91Official
9:04 Feudal Age
9:32 Double-Bit Axe
9:28 Horse Collar
15:25 Wheelbarrow
20:52 Castle Age
19:47 Stone Mining
19:48 Gold Mining
22:18 Gold Shaft Mining
26:44 Imperial Age
24:23 Scale Barding Armor
24:29 Forging
24:32 Bloodlines
25:18 Hand Cart
25:16 Bow Saw
26:01 Chain Barding Armor
26:04 Light Cavalry
26:52 Cavalier
28:45 Plate Barding Armor
31:47 Conscription
31:31 Steppe Husbandry
32:10 Iron Casting
32:13 Heavy Plow
32:52 Paladin
35:03 Blast Furnace
35:59 Chemistry
36:45 Elite Kipchak
37:18 Fletching
37:52 Ballistics
38:37 Bodkin Arrow
40:03 Murder Holes
40:19 Masonry
Immaez
9:02 Feudal Age
9:33 Loom
12:49 Castle Age
11:05 Double-Bit Axe
16:02 Sanctity
17:27 Redemption
17:33 Town Watch
30:13 Imperial Age
29:30 Wheelbarrow
29:06 Bow Saw
31:23 Block Printing
32:34 Illumination
34:24 Theocracy
36:45 Chemistry
jelle.neyt
10:41 Feudal Age
10:46 Loom
14:45 Castle Age
13:12 Double-Bit Axe
13:40 Horse Collar
14:48 Gold Mining
17:54 Wheelbarrow
20:07 Scale Mail Armor
32:38 Sanctity
33:47 Fervor
33:56 Bow Saw
33:48 Heavy Plow
34:07 Town Watch
36:16 Hand Cart
36:45 Herbal Medicine
37:32 Gold Shaft Mining
36:50 Stone Mining
41:54 Imperial Age
41:43 Atonement
GuguBot
10:10 Feudal Age
11:26 Double-Bit Axe
13:42 Castle Age
14:25 Horse Collar
17:04 Loom
17:57 Fervor
19:43 Scale Barding Armor
20:45 Bloodlines
21:45 Husbandry
24:13 Chain Barding Armor
25:05 Fletching
28:17 Forging
27:36 Light Cavalry
32:51 Wheelbarrow
35:07 Grand Trunk Road
35:57 Scale Mail Armor
36:00 Squires
37:24 Chain Mail Armor
41:27 Imperial Age
39:18 Bodkin Arrow
40:50 Padded Archer Armor
42:31 Iron Casting
43:13 Chemistry
42:10 Elite Skirmisher
42:55 Thumb Ring
Connection lost

Rejoining the realm…

Still unreachable

The connection could not be restored.

Session expired

The server has moved on; the page needs a fresh start.